 Dungeon Crawl Stone Soup version 0.29-a0-542-g075992c915 (webtiles) character file.

Game seed: 2527195463457037919

8 enile the Grave Robber (level 2, -7/19 HPs)
             Began as a Mummy Necromancer on June 4, 2022.
             Mangled by a kobold
             ... wielding a +0 whip of electrocution
              (16 damage)
             ... on level 1 of the Dungeon.
             The game lasted 00:00:21 (457 turns).

enile the Grave Robber (Mummy Necromancer)           Turns: 457, Time: 00:00:22

Health: -7/19      AC:  2    Str: 11    XL:     2   Next: 0%
Magic:  0/5        EV: 12    Int: 14    God:
Gold:   16         SH:  0    Dex: 12    Spells: 5/6 levels left

rFire   x . .      SeeInvis .   b - +0 short sword
rCold   + . .      Faith    .   (no shield)
rNeg    + + +      Spirit   .   a - +0 robe
rPois   ∞          Reflect  .   (no helmet)
rElec   .          Harm     .   (no cloak)
rCorr   .          Rampage  .   (no gloves)
Will    .....                   (no boots)
Stlth   ++........              (no amulet)
HPRegen 0.06/turn               (no ring)
MPRegen 0.09/turn               (no ring)

@: very slightly contaminated
A: cold resistance 1, negative energy resistance 3, torment resistance 2, heat
vulnerability 1, no potions
a: no special abilities


You were on level 1 of the Dungeon.
You visited 1 branch of the dungeon, and saw 1 of its levels.

You collected 16 gold pieces.

Inventory:

Hand Weapons
 b - a +0 short sword (weapon)
Armour
 a - a +0 robe (worn)


   Skills:
 + Level 1.7 Dodging
 + Level 1.8 Stealth
 + Level 2.9 Spellcasting
 + Level 4.1 Necromancy


You had 5 spell levels left.
You knew the following spells:

 Your Spells              Type           Power      Damage    Failure   Level
a - Necrotize             Necr           52%        1d6       4%          1

Your spell library contained the following spells:

 Spells                   Type           Power      Damage    Failure   Level
 Vampiric Draining        Necr           13%        2d6       12%         3
 Animate Dead             Necr           13%        N/A       36%         4
 Agony                    Necr           13%        N/A       73%         5


Dungeon Overview and Level Annotations

Branches:
Dungeon (1/15)

Altars:


Innate Abilities, Weirdness & Mutations

You are immune to poison.
Your flesh is cold resistant. (rC+)
You are immune to negative energy. (rN+++)
You are immune to unholy pain and torment.
You are vulnerable to heat. (rF-)
You do not drink.


Message History

The kobold shouts!
Unknown command.
Casting: Necrotize (safe; 4% risk of failure)
Confirm with . or Enter, or press ? or * to list all spells.
Aiming: Necrotize (safe; 4% risk of failure)
Press: ? - help, Shift-Dir - straight line, f/p - endoplasm
Aim: an endoplasm (heavily wounded, chance to affect: 83%)
The endoplasm writhes in agony.
You kill the endoplasm!
You have reached level 2!
Casting: Necrotize (safe; 4% risk of failure)
Confirm with . or Enter, or press ? or * to list all spells.
Aiming: Necrotize (safe; 4% risk of failure)
Press: ? - help, Shift-Dir - straight line, f - kobold
Aim: a kobold, wielding a +0 whip of electrocution (chance to affect: 83%)
You miscast Necrotize.
You are very lightly contaminated with residual magic.
Nothing appears to happen.
Casting: Necrotize (safe; 4% risk of failure)
Confirm with . or Enter, or press ? or * to list all spells.
Aiming: Necrotize (safe; 4% risk of failure)
Press: ? - help, Shift-Dir - straight line, f/p - kobold
Aim: a kobold, wielding a +0 whip of electrocution (chance to affect: 83%)
The kobold writhes in agony.
The kobold hits you with a +0 whip of electrocution.
Casting: Necrotize (safe; 4% risk of failure)
Confirm with . or Enter, or press ? or * to list all spells.
You don't have enough magic to cast this spell.
Casting: Necrotize (safe; 4% risk of failure)
Confirm with . or Enter, or press ? or * to list all spells.
You don't have enough magic to cast this spell.
You closely miss the kobold.
The kobold is moderately wounded.
The kobold hits you with a +0 whip of electrocution. x2
You barely miss the kobold.
The kobold is moderately wounded.
The kobold hits you with a +0 whip of electrocution.
You are electrocuted!
Ouch! That really hurt!
You die...

## #.# #.....
#.#### #.... #..#..
#.... #....# #...#
#.####
#...##########.####
#.....^............
#.K............####
#.@................
#...........#######
####........####..
#.............#
#..........####
#..##..###.#
###....## .#
#...(### .# #....#
.


You could see a kobold.

Vanquished Creatures
  An endoplasm (D:1)
  A goblin (D:1)
  3 bats (D:1)
  2 kobolds (D:1)
  A rat (D:1)
8 creatures vanquished.

Notes
Turn   | Place    | Note
-------+----------+-------------------------------------------
     0 | D:1      | enile the Mummy Necromancer began the quest for the Orb.
     0 | D:1      | Reached XP level 1. HP: 13/13 MP: 4/4
   454 | D:1      | Reached XP level 2. HP: 19/19 MP: 2/5
   457 | D:1      | Mangled by a kobold

Illustrated notes

Levels and vault maps discovered:
D:1:      sevenhm_arrival_forest_fort_small_4, layout_rooms, st_stairs_3,
          minmay_misc_feat_cross, chequers_jeans, minmay_misc_feat_more_columns

Action                   || total
-------------------------++-------
Melee: Unarmed           ||     7
       Short sword       ||     2
 Cast: Necrotize         ||    17
Armor: Robe              ||     5
Dodge: Dodged            ||    10

Table legend: (Time is in decaauts)
 A = Elapsed time spent in this place.
 B = Non-inter-level travel time spent in this place.
 C = Inter-level travel time spent in this place.
 D = Time resting spent in this place.
 E = Time spent auto-exploring this place.
 F = Levels seen in this place.
 G = Mean time per level.
                   A        B        C        D        E       F      G
               +--------+--------+--------+--------+--------+-----+--------+
         Total |    462 |    462 |      0 |      0 |    404 |   1 |  462.0 |
       Dungeon |    462 |    462 |      0 |      0 |    404 |   1 |  462.0 |
               +--------+--------+--------+--------+--------+-----+--------+

Top non-repeatable levels by time:
     D:1: 462 daAuts
